 Dungeon Crawl Stone Soup version 0.25.1-8-g42b30a86e7 (webtiles) character file.

Game seed: 712237485739930985

237 Clowww109 the Skirmisher (level 5, -1/42 HPs)
             Began as a Demonspawn Fighter on Dec 18, 2020.
             Slain by a sky beast (6 damage)
             ... on level 5 of the Dungeon.
             The game lasted 00:07:17 (3814 turns).

Clowww109 the Skirmisher (Demonspawn Fighter)       Turns: 3814, Time: 00:07:17

Health: -1/42      AC:  6    Str: 17    XL:     5   Next: 77%
Magic:  5/5        EV:  8    Int: 10    God:
Gold:   158        SH:  9    Dex: 12    Spells: 4/4 levels left

rFire    . . .     SeeInvis .   a - +0 war axe
rCold    . . .     Gourm    .   c - +0 kite shield
rNeg     . . .     Faith    .   b - +0 scale mail
rPois    .         Spirit   .   (helmet restricted)
rElec    .         Reflect  .   (no cloak)
rCorr    .         Harm     .   (no gloves)
MR       .....                  (no boots)
Stlth    ..........             l - amulet of regeneration
HPRegen  0.54/turn              (no ring)
MPRegen  0.09/turn              (no ring)

@: mighty
A: antennae 1, powered by death 1, rot immunity
a: no special abilities


You were on level 5 of the Dungeon.
You were not hungry.

You visited 1 branch of the dungeon, and saw 4 of its levels.

You collected 158 gold pieces.

Inventory:

Hand Weapons
 a - a +0 war axe (weapon)
Armour
 b - a +0 scale mail (worn)
 c - a +0 kite shield (worn)
Jewellery
 l - an amulet of regeneration (around neck)
 t - an uncursed ring of stealth {unknown}
Scrolls
 g - 7 scrolls of identify {unknown}
 h - 3 scrolls of teleportation {unknown}
 i - 4 scrolls of remove curse {unknown}
 n - a scroll of magic mapping {unknown}
Potions
 e - 2 potions of berserk rage {unknown}
 j - a potion of lignification {unknown}
 k - a potion of brilliance {unknown}
 m - 2 potions of curing {unknown}
 o - a potion of resistance {unknown}
 p - 2 potions of heal wounds {unknown}
 q - a potion of ambrosia {unknown}
 s - a potion of flight {unknown}
Comestibles
 f - 4 rations
 r - 4 chunks of flesh


   Skills:
 + Level 3.6 Fighting
 + Level 3.4 Axes
 + Level 3.5 Armour
 + Level 2.1 Dodging
 + Level 3.3 Shields


You had 4 spell levels left.
You didn't know any spells.
Your spell library was empty.

Dungeon Overview and Level Annotations

Branches:
Dungeon (3/15)

Altars:


Innate Abilities, Weirdness & Mutations

You have a pair of small antennae on your head.
You regenerate a little health from kills.
You are immune to rotting.


Message History

* * * LOW HITPOINT WARNING * * *
Something shocks you.
* * * LOW HITPOINT WARNING * * *
You feel very mighty all of a sudden.
A sky beast appears from thin air!
Reactivating autopickup.
You block the sky beast's attack.
You hit the sky beast.
The sky beast is severely wounded.
The sky beast flickers out of sight!
Deactivating autopickup; reactivate with Ctrl-A.
Something hits you but does no damage.
A sky beast appears from thin air!
Reactivating autopickup.
You block the sky beast's attack.
Your shield and scale mail prevent you from hitting the sky beast.
The sky beast is severely wounded.
The sky beast hits you.
* * * LOW HITPOINT WARNING * * *
The sky beast shocks you.
You die...

....### ......
#.... #.# #...
#.# #.. #.# #.#
#.# #######Y#
#.# #......@#
#.# #.#.#####
#.# #..# #.#
#######.# #.#
#.....#.# #.#
#.#.#.#.# #.#
#.#...#
#.#######.#####
#...#...#.#...


You could see a sky beast.

Vanquished Creatures
  A bullfrog skeleton (D:2)
  2 orc wizards (D:3)
  5 adders
  7 worms
  3 dart slugs
  2 leopard geckos
  7 orcs
  3 bats
  5 giant cockroaches
  10 goblins
  7 hobgoblins
  3 jackals (D:2)
  2 quokkas (D:3)
  A ball python (D:3)
  2 frilled lizards
  13 kobolds
  5 rats
78 creatures vanquished.

Notes
Turn   | Place    | Note
-------+----------+-------------------------------------------
     0 | D:1      | Clowww109 the Demonspawn Fighter began the quest for the
                  | Orb.
     0 | D:1      | Reached XP level 1. HP: 18/18 MP: 1/1
   176 | D:1      | Gained mutation: You are immune to rotting. [demonic
                  | ancestry]
   176 | D:1      | Reached XP level 2. HP: 22/24 MP: 2/2
   757 | D:1      | Reached XP level 3. HP: 29/29 MP: 3/3
  1432 | D:2      | Gained mutation: You regenerate a little health from kills.
                  | [demonic ancestry]
  1432 | D:2      | Reached XP level 4. HP: 21/35 MP: 4/4
  2732 | D:2      | Gained mutation: You have a pair of small antennae on your
                  | head. [demonic ancestry]
  2732 | D:2      | Reached XP level 5. HP: 40/41 MP: 5/5
  3236 | D:3      | Reached skill level 1 in Dodging
  3728 | D:3      | You fall into a shaft and drop 2 floors!
  3728 | D:5      | Entered Level 5 of the Dungeon
  3774 | D:5      | Noticed a sky beast
  3814 | D:5      | Slain by a sky beast

Illustrated notes

Levels and vault maps discovered:
D:1:      dpeg_cavernosity, layout_basic, st_stairs_10,
          minmay_misc_feat_encased, minmay_pentomino_x4
D:2:      layout_basic
D:3:      layout_basic, nicolae_qazlal_eye_of_the_storm, first_ration
D:5:      layout_basic, minmay_temple_entry_mist, serial_shops,
          nicolae_shop_behind_doors, shop, shop, chequers_serial_rivers_micro_b,
          minmay_misc_feat_ornament

Skill      XL: |  1  2  3  4  5 |
---------------+----------------+-----
Axes           | 2 3 |  3.4
Shields        | 3 |  3.3
Armour         | 3 |  3.5
Dodging        | 2 |  2.1
Fighting       | |  3.6

Action                   |  1- 3 |  4- 6 || total
-------------------------+-------+-------++-------
Melee: War axe           |   117 |   202 ||   319
  Use: Potion            |       |     1 ||     1
  Eat: Chunk             |     1 |     9 ||    10
Armor: Scale mail        |    60 |    80 ||   140
Dodge: Dodged            |    52 |    72 ||   124
Block: Kite shield       |    56 |    90 ||   146
